 Dungeon Crawl Stone Soup version 0.27-a0-1048-g7ee7857c10 (webtiles) character file.

Game seed: 3955852322793445489

3895 DarkShadow the Carver (level 10, -7/86 HPs)
             Began as a Minotaur Fighter on Apr 20, 2021.
             Was an Initiate of Gozag.
             Mangled by a two-headed ogre
             ... wielding a +0 giant club
              (11 damage)
             ... on level 7 of the Dungeon.
             The game lasted 00:19:41 (8653 turns).

DarkShadow the Carver (Minotaur Fighter)            Turns: 8653, Time: 00:19:45

Health: -7/86      AC: 17    Str: 25    XL:     10   Next: 0%
Magic:  9/9        EV:  7    Int:  5    God:    Gozag
Gold:   542        SH: 12    Dex: 11    Spells: 9/9 levels left

rFire    . . .     SeeInvis .   n - +3 long sword
rCold    . . .     Faith    .   c - +0 kite shield
rNeg     . . .     Spirit   .   d - +0 plate armour
rPois    .         Reflect  .   (helmet restricted)
rElec    .         Harm     .   (no cloak)
rCorr    .         Rampage  .   (no gloves)
Will     .....     Clarity  +   j - +0 pair of boots
Stlth    ..........             (no amulet)
HPRegen  0.24/turn              i - ring of flight
MPRegen  0.11/turn              (no ring)

@: flying
A: horns 2, retaliatory headbutt, iridescent scales 1, clarity, strong 1,
evolution 1
a: Renounce Religion, Potion Petition, Call Merchant, Bribe Branch


You were on level 7 of the Dungeon.
You worshipped Gozag.
Gozag was pleased with you.
You visited 2 branches of the dungeon, and saw 9 of its levels.
You also visited: Sewer.

You collected 696 gold pieces.
You paid 154 gold pieces to Gozag.

Inventory:

Hand Weapons
 a - a +0 long sword
 n - a +3 long sword (weapon)
Armour
 c - a +0 kite shield (worn)
 d - a +0 plate armour (worn)
 j - a +0 pair of boots (worn)
Jewellery
 i - a ring of flight (left hand)
 k - an amulet of faith
 o - the ring of Vuuterraide {Wiz Will- MP+9 Str+3}
   (You found it on level 5 of the Dungeon)

   [ring of wizardry]

   It improves your spell success rate.
   It affects your strength (+3).
   It affects your magic capacity (+9).
   It decreases your willpower.
 t - a ring of magical power
Wands
 b - a wand of flame (33)
 p - a wand of acid (16)
 u - a wand of polymorph (8)
Scrolls
 q - 2 scrolls of teleportation
 v - a scroll of identify
Potions
 e - 2 potions of brilliance {unknown}
 f - a potion of attraction
 g - 2 potions of heal wounds
 h - 2 potions of lignification {unknown}
 l - 3 potions of curing
 m - 3 potions of resistance
 r - a potion of haste {unknown}
 s - a potion of might
 w - a potion of cancellation {unknown}
 x - a potion of berserk rage {unknown}


   Skills:
 + Level 7.3 Fighting
 + Level 10.5 Long Blades
 + Level 9.1 Armour
 - Level 2.4 Dodging
 - Level 0.4 Stealth
 + Level 9.2 Shields


You had 9 spell levels left.
You didn't know any spells.
Your spell library contained the following spells:

 Spells                   Type           Power      Damage    Failure   Level
 Animate Skeleton         Necr           0%         N/A       100%        1
 Foxfire                  Conj/Fire      0%         2x1d4     100%        1
 Pain                     Necr           0%         1d4       100%        1
 Conjure Flame            Conj/Fire      0%         6-21      100%        3
 Inner Flame              Hex/Fire       0%         N/A       100%        3
 Vampiric Draining        Necr           0%         2d6       100%        3
 Animate Dead             Necr           0%         N/A       100%        4
 Sticky Flame             Conj/Fire      0%         2d3       100%        4
 Agony                    Necr           0%         N/A       100%        5
 Fireball                 Conj/Fire      0%         3d3       100%        5


Dungeon Overview and Level Annotations

Branches:
Dungeon (8/15)             Temple (1/1) D:6           Sewer (visited)
   Lair: D:8-11

Altars:
Ashenzari
Cheibriados
Elyvilon
Fedhas
Gozag
Hepliaklqana
Makhleb
Nemelex Xobeh
Okawaru
Ru
Sif Muna
Trog
Uskayaw
Vehumet
Xom
Yredelemnul
Zin
The Shining One

Shops:
D:7 (


Innate Abilities, Weirdness & Mutations

You have a pair of horns on your head.
You reflexively headbutt those who attack you in melee.
You are partially covered in iridescent scales. (AC +2)
You possess an exceptional clarity of mind.
Your muscles are strong. (Str +2)
You evolve.


Message History

No reachable target in view!
No reachable target in view!
The two-headed ogre is no longer distracted by gold.
Found 12 gold pieces.
You now have 531 gold pieces (gained 7).
You now have 542 gold pieces (gained 11).
Things that are here:
a +0 dire flail; a +0 plate armour A phantom comes into view.
The phantom moves out of view.
You block the two-headed ogre's attack. x2
You closely miss the two-headed ogre.
You headbutt the two-headed ogre, but do no damage.
You block the two-headed ogre's attack.
The two-headed ogre hits you with a +0 giant spiked club!!
You hit the two-headed ogre. You headbutt the two-headed ogre!
The two-headed ogre is moderately wounded.
You block the two-headed ogre's attack.
The two-headed ogre hits you but does no damage.
You hit the two-headed ogre.
Your headbutt misses the two-headed ogre.
The two-headed ogre is moderately wounded.
You hit the two-headed ogre.
The two-headed ogre is moderately wounded.
The two-headed ogre hits you with a +0 giant club!!
The two-headed ogre hits you with a +0 giant spiked club!
You closely miss the two-headed ogre.
You headbutt the two-headed ogre, but do no damage.
The two-headed ogre is moderately wounded.
The two-headed ogre hits you with a +0 giant club!!
* * * LOW HITPOINT WARNING * * *
You block the two-headed ogre's attack.
You slash the two-headed ogre!
The two-headed ogre is heavily wounded.
You block the phantom's attack.
The two-headed ogre hits you with a +0 giant club.
* * * LOW HITPOINT WARNING * * *
The two-headed ogre hits you with a +0 giant spiked club!
You die...
Your body crumbles into a pile of gold.

######.........# #..
#.............##.# #.#
#.............# .. #.#
#............## .# ..#
#............# .. ..#
########..)...## .###
..# ...#...#......#$ ...
...#...)))...#####.#####
..
...#...#.....#.O@W.....#
##.###
...#...#....##.###$###.#
#....# ...#####....#)#.#
## #....##
............#.##..
##....#. ...........##.#
.## #.....+.
...........#)### #.#
##.....#.
..........##...## ##.
#......#.
..........###...# ...
##........
.........##..##.# ..
#.....#..#


You could see a two-headed ogre and a phantom.

Vanquished Creatures
  Sigmund (D:2)
  4 yaks (D:7)
  Edmund (D:5)
  2 orc warriors
  Purgy (Sewer)
  An ice beast (D:6)
  2 sky beasts (D:6)
  A necrophage (D:7)
  2 black bears
  3 ogres
  A phantom (D:4)
  A centaur (D:7)
  3 bullfrogs
  4 scorpions
  A water moccasin zombie (D:6)
  A water moccasin skeleton (D:6)
  3 wights (D:7)
  A howler monkey (D:6)
  4 crimson imps (D:7)
  2 centaur zombies (D:6)
  2 jellies
  2 orc priests (D:6)
  2 centaur skeletons
  4 hounds
  A gnoll shaman (D:7)
  2 bullfrog skeletons (D:6)
  3 iguanas
  Natasha (thrice) (D:3)
  4 orc wizards
  A hound skeleton (D:5)
  2 hound zombies
  A howler monkey skeleton (D:5)
  10 adders
  2 shadow imps
  A white imp (D:6)
  2 worms (D:2)
  3 dart slugs
  6 orcs
  4 endoplasms
  9 giant cockroaches
  11 goblins
  12 hobgoblins
  4 jackals (D:2)
  9 kobolds
  4 quokkas
  8 ball pythons
  10 bats
  9 rats
170 creatures vanquished.

Vanquished Creatures (others)
  A jelly (D:4)
  25 plants
26 creatures vanquished.

Grand Total: 196 creatures vanquished

Notes
Turn   | Place    | Note
-------+----------+-------------------------------------------
     0 | D:1      | DarkShadow the Minotaur Fighter began the quest for the
                  | Orb.
     0 | D:1      | Reached XP level 1. HP: 19/19 MP: 0/0
    61 | D:1      | Reached XP level 2. HP: 27/27 MP: 1/1
   446 | D:1      | Found a faded altar of an unknown god.
   540 | D:1      | Reached XP level 3. HP: 27/33 MP: 2/2
  1294 | D:2      | Reached skill level 3 in Long Blades
  1525 | D:2      | Reached XP level 4. HP: 40/40 MP: 3/3
  2170 | D:2      | Noticed Sigmund
  2185 | D:2      | Killed Sigmund
  2186 | D:2      | Reached skill level 4 in Long Blades
  2186 | D:2      | Reached skill level 5 in Armour
  2186 | D:2      | Reached XP level 5. HP: 5/47 MP: 4/4
  2802 | D:3      | Found a burning altar of Makhleb.
  2802 | D:3      | Noticed Natasha
  2812 | D:3      | Killed Natasha
  2813 | D:3      | Reached XP level 6. HP: 39/53 MP: 5/5
  3116 | D:3      | Reached skill level 1 in Dodging
  3120 | D:3      | Noticed Natasha
  3134 | D:3      | Killed Natasha
  3477 | D:3      | Noticed Natasha
  3484 | D:3      | Killed Natasha
  4292 | D:4      | Reached skill level 5 in Shields
  4298 | D:4      | Reached skill level 5 in Long Blades
  4298 | D:4      | Reached XP level 7. HP: 40/60 MP: 6/6
  4496 | D:4      | Gained mutation: You are agile. (Dex +2) [potion of
                  | mutation]
  4496 | D:4      | Gained mutation: You evolve. [potion of mutation]
  4496 | D:4      | Gained mutation: Your body sometimes deteriorates upon
                  | taking damage. [potion of mutation]
  4496 | D:4      | Gained mutation: You are very agile. (Dex +4) [potion of
                  | mutation]
  4497 | D:4      | Lost mutation: Your body sometimes deteriorates upon taking
                  | damage. [potion of mutation]
  4497 | D:4      | Lost mutation: You evolve. [potion of mutation]
  4497 | D:4      | Lost mutation: You are very agile. (Dex +4) [potion of
                  | mutation]
  4497 | D:4      | Lost mutation: You are agile. (Dex +2) [potion of mutation]
  4497 | D:4      | Gained mutation: Your mind is acute. (Int +2) [potion of
                  | mutation]
  4497 | D:4      | Gained mutation: You are agile. (Dex +2) [potion of
                  | mutation]
  4498 | D:4      | Lost mutation: You are agile. (Dex +2) [potion of mutation]
  4498 | D:4      | Lost mutation: Your mind is acute. (Int +2) [potion of
                  | mutation]
  4498 | D:4      | Gained mutation: You evolve. [potion of mutation]
  4498 | D:4      | Gained mutation: You possess an exceptional clarity of
                  | mind. [potion of mutation]
  4498 | D:4      | Gained mutation: Your muscles are strong. (Str +2) [potion
                  | of mutation]
  4693 | D:4      | Found a basalt altar of Yredelemnul.
  5204 | D:5      | Entered Level 5 of the Dungeon
  5335 | D:5      | Noticed Edmund
  5361 | D:5      | Killed Edmund
  5362 | D:5      | Reached skill level 6 in Long Blades
  5379 | D:5      | Reached skill level 5 in Fighting
  5501 | D:5      | Gained mutation: You are partially covered in iridescent
                  | scales. (AC +2) [evolution]
  5578 | D:5      | Reached XP level 8. HP: 65/68 MP: 7/7
  5709 | D:5      | Identified the ring of Vuuterraide {Wiz Will- MP+9 Str+3}
  5735 | D:5      | You are sucked into a shaft and drop 3 floors!
  5782 | D:7      | Found a shimmering altar of Xom.
  5799 | D:7      | Reached skill level 7 in Long Blades
  5981 | D:6      | Found a glowing drain.
  6067 | Sewer    | Entered a sewer
  6097 | Sewer    | Noticed Purgy
  6110 | Sewer    | Killed Purgy
  6912 | D:6      | Found a hazy altar of Hepliaklqana.
  6915 | D:6      | Reached skill level 8 in Long Blades
  6975 | D:6      | Found a staircase to the Ecumenical Temple.
  7192 | Temple   | Entered the Ecumenical Temple
  7231 | Temple   | Became a worshipper of Gozag Ym Sagoz the Greedy
  7275 | D:6      | Reached XP level 9. HP: 75/75 MP: 8/8
  7411 | D:6      | Reached skill level 9 in Long Blades
  8159 | D:7      | Found Ickontex's Weapon Emporium.
  8326 | D:7      | Reached skill level 10 in Long Blades
  8629 | D:7      | Noticed a two-headed ogre
  8637 | D:7      | Reached XP level 10. HP: 83/86 MP: 9/9
  8653 | D:7      | HP: 4/86 [two-headed ogre/+0 giant club (2)]
  8653 | D:7      | Mangled by a two-headed ogre

Illustrated notes

Levels and vault maps discovered:
D:1:      onia_arrival_pentagram, layout_basic, serial_forest,
          infiniplex_forest_diagonal, infiniplex_forest_clump_curved,
          infiniplex_forest_straight_5, infiniplex_forest_lined_ring,
          infiniplex_forest_fountain, infiniplex_forest_lined_room_3,
          hellmonk_ecumenical_altar_blasted
D:2:      layout_basic, solitary_fountain, uniq_sigmund
D:3:      kennysheep_big_flooded_room, layout_loops_ring, bloody_makhleb,
          nrook_mini_backslash, columned_hall_lemuel, minmay_liquid_box,
          serial_bayou_crossing, uniq_natasha
D:4:      layout_loops_ring, marbit_many_paths, serial_bayou_lake_a
D:5:      layout_loops_cross, patterned_corridor, uniq_edmund
D:6:      cheibrodos_barr_body, layout_gridville, old_standard_altar,
          minmay_temple_entry_sparse_star, gup_sewer_entry_glass,
          enter_ossuary_2
D:7:      minmay_the_grid_triangle_9x9_rhombus_thin
          [minmay_the_grid_triangle_9x9_skeleton,
          minmay_the_grid_triangle_9x9_prize_center,
          minmay_the_grid_triangle_9x9_odd_lines,
          minmay_the_grid_triangle_9x9_warning], layout_gridville, led_xom_imps,
          serial_shops, nicolae_shop_waterfront, grunt_decor_resistance,
          hangedman_abyss_or_decor_jellyfish_corner
D:8:      layout_basic, uniq_harold, uniq_grum, uniq_maurice, uniq_pikel
Temple:   compressed_dpeg_circular_temple

Skill      XL: |  1  2  3  4  5  6  7  8  9 |
---------------+----------------------------+-----
Armour         | 4 5 6 7 9 |  9.1
Fighting       | 4 5 6 7 |  7.3
Shields        | 4 5 6 7 9 |  9.2
Long Blades    | 3 4 5 6 8 10 | 10.5
Dodging        | 2 |  2.4
Stealth        | |  0.4

Action                   |  1- 3 |  4- 6 |  7- 9 | 10-12 || total
-------------------------+-------+-------+-------+-------++-------
Melee: Long sword        |    95 |   115 |   352 |     6 ||   568
       Headbutt          |    17 |    17 |    73 |     3 ||   110
  Use: Potion            |       |     1 |     3 |       ||     4
       Scroll            |       |     7 |     7 |       ||    14
Armor: Scale mail        |    41 |    63 |     9 |       ||   113
       Plate armour      |       |       |   201 |     1 ||   202
Dodge: Dodged            |    28 |    32 |    87 |       ||   147
Block: Kite shield       |    47 |    73 |   214 |     6 ||   340
       Rpst.: Long sword |     5 |     4 |    19 |       ||    28

Table legend: (Time is in decaauts)
 A = Elapsed time spent in this place.
 B = Non-inter-level travel time spent in this place.
 C = Inter-level travel time spent in this place.
 D = Time resting spent in this place.
 E = Time spent auto-exploring this place.
 F = Levels seen in this place.
 G = Mean time per level.
                   A        B        C        D        E       F      G
               +--------+--------+--------+--------+--------+-----+--------+
         Total |   8808 |   8590 |    218 |   1876 |   4681 |  10 |  880.8 |
       Dungeon |   8598 |   8380 |    218 |   1876 |   4650 |   8 | 1074.8 |
        Temple |     54 |     54 |      0 |      0 |     31 |   1 |   54.0 |
         Sewer |    155 |    155 |      0 |      0 |      0 |   1 |  155.0 |
               +--------+--------+--------+--------+--------+-----+--------+

Top non-repeatable levels by time:
     D:2: 1669 daAuts
     D:4: 1331 daAuts
     D:1: 1161 daAuts
     D:3: 1156 daAuts
     D:6: 1147 daAuts
     D:5: 1073 daAuts
     D:7: 1045 daAuts
   Sewer: 155 daAuts
  Temple: 54 daAuts
     D:8: 11 daAuts
